 Dungeon Crawl Stone Soup version 0.23-a0-586-gacb4b3f (webtiles) character file.

49 inc the Conjurer (level 3, 12/12 HPs)
             Began as a Felid Air Elementalist on Dec 19, 2018.
             Was an Initiate of Hepliaklqana.
             Quit the game on level 3 of the Dungeon on Dec 20, 2018.
             The game lasted 00:04:19 (2387 turns).

inc the Conjurer (Felid Air Elementalist)           Turns: 2387, Time: 00:04:20

Health: 12/12      AC:  1    Str:  4    XL:     3   Next: 51%
Magic:  7/7        EV: 18    Int: 17    God:    Hepliaklqana [......]
Gold:   80         SH:  0    Dex: 16    Spells: 5/6 levels left
                                        Lives:  0   Deaths: 1

rFire    . . .     SeeInvis +   (weapon unavailable)
rCold    . . .     Gourm    .   (shield unavailable)
rNeg     . . .     Faith    .   (armour unavailable)
rPois    .         Spirit   .   (helmet unavailable)
rElec    .         Reflect  .   (cloak unavailable)
rCorr    .         Harm     .   (gloves unavailable)
MR       .....                  (boots unavailable)
Stlth    +++.......             (no amulet)
HPRegen  0.04/turn              (no ring)
MPRegen  0.10/turn              (no ring)

@: quick
A: very small, no armour, no weapons or thrown items, stealth, reduced essence,
claws 1, fangs 3, see invisible, carnivore, speed 1, shaggy fur 1, slow
metabolism 1, sharp paws
a: Recall Ancestor, Ancestor Identity, Renounce Religion


You were on level 3 of the Dungeon.
You worshipped Hepliaklqana.
Hepliaklqana was noncommittal.
You were not hungry.

You visited 1 branch of the dungeon, and saw 3 of its levels.

You collected 80 gold pieces.

Inventory:

Wands
 n - a wand of acid (6)
Scrolls
 a - 6 scrolls of identify {unknown}
 e - 2 scrolls of immolation {unknown}
 f - a scroll of amnesia {unknown}
 g - a scroll of noise {unknown}
 k - 2 scrolls of remove curse {unknown}
 l - a scroll of fog {unknown}
 m - a scroll of teleportation {unknown}
 o - a scroll of fear {unknown}
Potions
 c - 2 potions of agility {unknown}
 d - a potion of magic {unknown}
 h - a potion of lignification {unknown}
 i - 2 potions of brilliance {unknown}
 j - a potion of resistance {unknown}
 p - a potion of curing {unknown}
Comestibles
 b - 4 rations


   Skills:
 - Level 2.6 Dodging
 - Level 2.6 Stealth
 - Level 2.0 Spellcasting
 - Level 3.4 Conjurations
 + Level 3.4 Air Magic


You had 5 spell levels left.
You knew the following spells:

 Your Spells              Type           Power        Failure   Level  Hunger
a - Shock                 Conj/Air       ##..         4%          1    #......

Your spell library contained the following spells:

 Spells                   Type           Power        Failure   Level  Hunger
 Swiftness                Chrm/Air       #.......     14%         2    ###....
 Static Discharge         Conj/Air       ##......     14%         3    ###....
 Airstrike                Air            ##........   43%         4    #####..
 Lightning Bolt           Conj/Air       ##........   78%         5    ######.


Dungeon Overview and Level Annotations

Branches:
Dungeon (3/15)

Altars:
Hepliaklqana
Xom


Innate Abilities, Weirdness & Mutations

You cannot wear armour.
You are incapable of wielding weapons or throwing items.
Your paws allow you to move quietly. (Stealth)
You have sharp claws.
You have razor-sharp teeth.
You have supernaturally acute eyesight. (SInv)
You are carnivorous and can eat meat at any time.
You cover ground quickly.
You are covered in fur. (AC +1)
You have a slow metabolism.
Your sharp claws are effective at attacking unaware monsters.
Your life essence is reduced to manifest your ancestor. (-10% HP)


Message History

The orc wizard blinks!
An orc priest comes into view.
It is wielding a +2 morningstar of draining.
Casting: Shock (safe; 4% risk of failure)
Confirm with . or Enter, or press ? or * to list all spells.
Aiming: Shock (safe; 4% risk of failure)
Press: ? - help, Shift-Dir - straight line, f/p - orc wizard
Aim: an orc wizard, wielding a +0 dagger and wearing a +0 robe (almost dead)
The zap misses the orc wizard.
The orc wizard points at you and mumbles some strange words.
The magic dart hits you!
Bozena closely misses the orc wizard.
The orc priest calls upon Beogh to heal the orc wizard.
The orc wizard is healed somewhat.
The orc wizard points at you and mumbles some strange words.
The magic dart hits you!
Ouch! That really hurt!
You die...
You are now level 3!
You rejoin the land of the living...
Are you sure you want to abandon this character and quit the game? (Confirm

#### #.. #.#
#@# #.#
#.#..|#####
#.# ....>.#
##.# #.....# .
..###.....##'#
##........'..
#.......)#
#........+


There were no monsters in sight!

Vanquished Creatures
  Jessica (D:2)
  2 adders
  An ooze (D:1)
  A worm (D:2)
  3 leopard geckos
  An orc (D:3)
  A ball python (D:2)
  A giant cockroach (D:3)
  5 goblins
  5 hobgoblins (D:2)
  4 jackals (D:2)
  6 kobolds
  5 bats
  2 frilled lizards
  6 rats
44 creatures vanquished.

Vanquished Creatures (collateral kills)
  A worm (D:3)
1 creature vanquished.

Grand Total: 45 creatures vanquished

Notes
Turn   | Place    | Note
-------+----------+-------------------------------------------
     0 | D:1      | inc the Felid Air Elementalist began the quest for the Orb.
     0 | D:1      | Reached XP level 1. HP: 7/7 MP: 4/4
    22 | D:1      | Reached skill level 1 in Conjurations
   660 | D:1      | Reached XP level 2. HP: 11/11 MP: 4/6
  1144 | D:2      | Noticed Jessica
  1147 | D:2      | Killed Jessica
  1147 | D:2      | Reached XP level 3. HP: 11/14 MP: 3/7
  1539 | D:2      | Found a shimmering altar of Xom.
  1627 | D:2      | Reached XP level 4. HP: 14/18 MP: 0/8
  2264 | D:3      | Found a hazy altar of Hepliaklqana.
  2274 | D:3      | Became a worshipper of Hepliaklqana the Forgotten
  2386 | D:3      | Killed from afar by an orc wizard
  2387 | D:3      | Reached XP level 3. HP: -1/12 MP: 0/7
  2387 | D:3      | Quit the game

Vault maps used:
D:1:      saegor_arrival_under_anarchy
D:2:      xom_butterflies, st_stairs_13, uniq_jessica
D:3:      old_standard_altar, uniq_terence

Skill      XL: |  1  2  3 |
---------------+----------+-----
Conjurations   | 1 3 |  3.4
Air Magic      | 3 |  3.4
Dodging        | |  2.6
Stealth        | |  2.6
Spellcasting   | |  2.0

Action                   |  1- 3 |  4- 6 || total
-------------------------+-------+-------++-------
Melee: Unarmed           |     8 |     4 ||    12
       Bite              |     1 |       ||     1
 Cast: Shock             |    54 |    44 ||    98
  Eat: Chunk             |     3 |     2 ||     5
Armor: Skin              |       |     2 ||     2
Dodge: Dodged            |    14 |    14 ||    28

Table legend:
 A = Non-vault XP
 B = Vault XP
 C = Vault XP percentage of total XP
 D = Non-vault monster count
 E = Vault monster count
 F = Vault count percentage of total count
                 A         B        C        D         E       F
            +---------+---------+-------+---------+---------+-------
      Total |     111 |      38 |  25.5 |      43 |       2 |   4.4
            +---------+---------+-------+---------+---------+-------
        D:1 |      20 |       0 |   0.0 |       9 |       0 |   0.0
        D:2 |      60 |      38 |  38.8 |      25 |       2 |   7.4
        D:3 |      31 |       0 |   0.0 |       9 |       0 |   0.0
            +---------+---------+-------+---------+---------+-------
